 Dungeon Crawl Stone Soup version 0.29-a0-369-gd956c00756 (webtiles) character file.

Game seed: 4009917608339223156

311 Antichthon the Covered (level 6, -5/38 HPs)
             Began as a Gargoyle Fighter on May 2, 2022.
             Slain by an ogre
             ... wielding a +0 giant spiked club
              (22 damage)
             ... on level 4 of the Dungeon.
             The game lasted 00:05:30 (2962 turns).

Antichthon the Covered (Gargoyle Fighter)           Turns: 2962, Time: 00:05:30

Health: -5/38      AC: 14    Str: 21    XL:     6   Next: 42%
Magic:  7/7        EV:  7    Int:  9    God:
Gold:   113        SH:  4    Dex:  9    Spells: 5/5 levels left

rFire   . . .      SeeInvis +   a - +0 flail
rCold   . . .      Faith    .   c - +0 buckler
rNeg    + + +      Spirit   .   j - +0 chain mail
rPois   ∞          Reflect  .   (no helmet)
rElec   +          Harm     +   g - scarf {harm}
rCorr   .          Rampage  .   (no gloves)
Will    .....                   (no boots)
Stlth   ..........              (no amulet)
HPRegen 0.12/turn               f - ring "Lufeinn" {*Corrode rN+++ SInv}
MPRegen 0.10/turn               (no ring)

@: no status effects
A: sickness immunity, AC +4, negative energy resistance 1, electricity
resistance, torment resistance 1, petrification resistance
a: no special abilities


You were on level 4 of the Dungeon.
You visited 1 branch of the dungeon, and saw 4 of its levels.

You collected 149 gold pieces.
You spent 36 gold pieces at shops.

Inventory:

Hand Weapons
 a - a +0 flail (weapon)
Armour
 c - a +0 buckler (worn)
 g - a scarf of harm (worn)
 j - a +0 chain mail (worn)
Jewellery
 f - the ring "Lufeinn" (left hand) {*Corrode rN+++ SInv}
   (You acquired it on level 1 of the Dungeon)

   [ring of see invisible]

   rN:        It renders you almost immune to negative energy.
   SInv:      It lets you see invisible.
   *Corrode:  It may corrode you when you take damage.
Scrolls
 b - 2 scrolls of fog
 i - 3 scrolls of vulnerability
 m - a scroll of teleportation {unknown}
 n - 3 scrolls of enchant weapon
 p - a scroll of immolation {unknown}
 v - 2 scrolls of enchant armour {unknown}
Potions
 d - a potion of might
 e - 7 potions of curing
 h - 4 potions of heal wounds
 l - 2 potions of resistance
 o - a potion of degeneration {unknown}
 q - a potion of berserk rage {unknown}
 r - a potion of lignification {unknown}
 s - 2 potions of haste
 t - a potion of mutation {unknown}
 u - 2 potions of attraction {unknown}


   Skills:
 * Level 4.0 Fighting
 * Level 4.1 Maces & Flails
 * Level 4.5 Armour
 * Level 1.3 Dodging
 * Level 4.1 Shields
 * Level 1.8 Invocations


You had 5 spell levels left.
You didn't know any spells.
Your spell library contained the following spells:

 Spells                   Type           Power      Damage    Failure   Level
 Beastly Appendage        Tmut           0%         N/A       99%         1
 Blink                    Tloc           0%         N/A       100%        2
 Wereblood                Tmut           0%         N/A       100%        2
 Spider Form              Tmut/Pois      0%         N/A       100%        3
 Passage of Golubria      Tloc           0%         N/A       100%        4
 Manifold Assault         Tloc           0%         N/A       100%        5
 Silence                  Hex/Air        0%         N/A       100%        5
 Storm Form               Tmut/Air       0%         N/A       100%        7
 Lehudib's Crystal Spear  Conj/Erth      0%         10d2      100%        8


Dungeon Overview and Level Annotations

Branches:
Dungeon (4/15)
 Temple: D:4-7

Altars:

Shops:
D:1 !


Innate Abilities, Weirdness & Mutations

You are immune to sickness and miasma.
Your stone body is resilient. (AC +4)
You are immune to poison.
You resist negative energy. (rN+)
You are resistant to electric shocks. (rElec)
You are resistant to unholy torment.
You are immune to petrification.


Message History

You block the adder's attack. The dart slug barely misses you.
You sock the adder!
You kill the adder!
The dart slug bites you but does no damage.
Unknown command.
You sock the dart slug!
You kill the dart slug!
You see here a dart slug corpse.
Found a potion of heal wounds.
A quokka comes into view.
You see here a potion of heal wounds.
A quokka is nearby!
h - 4 potions of heal wounds (gained 1)
You hit the quokka.
The quokka is moderately wounded.
You block the quokka's attack.
You thump the quokka!
You kill the quokka!
You see here a quokka corpse.
You enter the shallow water.
Moving in this stuff is going to be slow.
You enter the shallow water.
Moving in this stuff is going to be slow.
Found 10 stones.
You enter the shallow water.
Moving in this stuff is going to be slow.
You now have 99 gold pieces (gained 19).
Found a leather armour.
You now have 113 gold pieces (gained 14).
An ogre comes into view. It is wielding a +0 giant spiked club.
Found a scroll labelled APOTHR UWUJUT and 4 poisoned darts.
The ogre shouts!
An ogre is nearby!
You barely miss the ogre.
The ogre hits you with a +0 giant spiked club!!
Ouch! That really hurt!
You barely miss the ogre.
The ogre hits you with a +0 giant spiked club!!
Ouch! That really hurt!
You die...

P... ..#....#.##
..... ....
#..PP..#.# ...###
.... #..P...#.##
♣..# .....
#.........#
.(...##.....#...#
. ....##.......##
.?............##
.....#.##...###
#.....O@###
.........##
.##.......#
#.....#..#
####.##.... ..
..... ... .#....
.... .#....


You could see an ogre.

Vanquished Creatures
  Grinder (D:3)
  5 adders
  A gnoll (D:1)
  A worm (D:2)
  3 dart slugs
  An orc (D:3)
  8 bats
  9 endoplasms
  2 giant cockroaches
  8 goblins
  4 hobgoblins
  A jackal (D:1)
  8 kobolds
  3 quokkas
  4 ball pythons
  3 frilled lizards
  6 rats
68 creatures vanquished.

Vanquished Creatures (others)
  A fungus (D:4)
1 creature vanquished.

Grand Total: 69 creatures vanquished

Notes
Turn   | Place    | Note
-------+----------+-------------------------------------------
     0 | D:1      | Antichthon the Gargoyle Fighter began the quest for the
                  | Orb.
     0 | D:1      | Reached XP level 1. HP: 14/14 MP: 1/1
   146 | D:1      | Identified a scroll of acquirement
   146 | D:1      | Acquired the ring "Lufeinn" {*Corrode rN+++ SInv}
   278 | D:1      | Reached XP level 2. HP: 19/19 MP: 2/2
   399 | D:1      | Reached XP level 3. HP: 20/23 MP: 3/3
   592 | D:1      | Found a faded altar of an unknown god.
   782 | D:1      | Found Fiunul's Distillery.
   790 | D:1      | Bought a potion of curing for 36 gold pieces
  1589 | D:2      | Reached skill level 1 in Invocations
  1589 | D:2      | Reached XP level 4. HP: 29/29 MP: 4/4
  2069 | D:3      | Noticed Grinder
  2107 | D:3      | Paralysed by Grinder for 4 turns
  2116 | D:3      | Killed Grinder
  2117 | D:3      | Reached skill level 1 in Dodging
  2117 | D:3      | Reached XP level 5. HP: 20/33 MP: 4/6
  2117 | D:3      | Reached XP level 6. HP: 23/38 MP: 4/7
  2962 | D:4      | Slain by an ogre

Illustrated notes

Levels and vault maps discovered:
D:1:      psy_arrival_conway, layout_basic, serial_shops, nicolae_diamond_shop,
          chequers_ecumenical_altar_island, minmay_cupped
D:2:      layout_loops_ring
D:3:      layout_basic, uniq_grinder
D:4:      layout_cave_pools, serial_park, serial_park_tiny_1,
          serial_park_tiny_2, serial_park_square3 [serial_park_minivault_5x5_3],
          serial_park_square1 [serial_park_minivault_5x5_6], minivault_11,
          serial_bayou_crossing, uniq_menkaure

Skill      XL: |  1  2  3  4 |
---------------+-------------+-----
Invocations    | 1 |  1.8
Armour         | 4 |  4.5
Fighting       | 4 |  4.0
Maces & Flails | 4 |  4.1
Dodging        | 1 |  1.3
Shields        | 4 |  4.1

Action                   |  1- 3 |  4- 6 || total
-------------------------+-------+-------++-------
Melee: Flail             |   111 |   123 ||   234
  Use: Scroll            |     1 |     7 ||     8
Armor: Scale mail        |    10 |       ||    10
       Chain mail        |    75 |   126 ||   201
Dodge: Dodged            |    47 |    63 ||   110
Block: Buckler           |    31 |    29 ||    60

Table legend: (Time is in decaauts)
 A = Elapsed time spent in this place.
 B = Non-inter-level travel time spent in this place.
 C = Inter-level travel time spent in this place.
 D = Time resting spent in this place.
 E = Time spent auto-exploring this place.
 F = Levels seen in this place.
 G = Mean time per level.
                   A        B        C        D        E       F      G
               +--------+--------+--------+--------+--------+-----+--------+
         Total |   3040 |   2976 |     64 |      0 |   2196 |   4 |  760.0 |
       Dungeon |   3040 |   2976 |     64 |      0 |   2196 |   4 |  760.0 |
               +--------+--------+--------+--------+--------+-----+--------+

Top non-repeatable levels by time:
     D:2: 1121 daAuts
     D:1: 947 daAuts
     D:3: 867 daAuts
     D:4: 104 daAuts
